 Seeded DCSS version 0.30.1-11-g7821555f0a (webtiles) character file.

Game seed: 5 (custom seed)

1331 Kazon the Ducker (level 8, -10/45 HPs)
             Began as a Vampire Gladiator on Oct 27, 2023.
             Was a Follower of Makhleb.
             Killed by divine providence
             ... invoked by an orc priest
              (12 damage)
             ... on level 6 of the Dungeon.
             The game lasted 00:15:41 (3896 turns).

Kazon the Ducker (Vampire Gladiator)                Turns: 3896, Time: 00:15:42

Health: -10/45     AC: 12    Str: 15    XL:     8   Next: 34%
Magic:  0/19       EV:  8    Int: 10    God:    Makhleb [*.....]
Gold:   220        SH: 15    Dex: 22    Spells: 7/7 levels left

rFire   . . .        e - +2 dagger (vamp)
rCold   + + .        c - +0 tower shield
rNeg    + + +        f - +5 scale mail of the Loofah {Will+}
rPois   ∞            i - +0 helmet
rElec   .            (no cloak)
rCorr   .            (no gloves)
SInv    +            (no boots)
Will    +....        B - amulet of guardian spirit
Stlth   ++++         r - ring of magical power
HPRegen 0.00/turn    v - +6 ring of dexterity
MPRegen 0.16/turn

%: guardian spirit
@: bloodless, inhibited regen
A: bloodless, fangs 3, see invisible, vampiric 2
a: Bat Form, Revivify, Renounce Religion


You were on level 6 of the Dungeon.
You worshipped Makhleb.
Makhleb was aware of your devotion.
You visited 2 branches of the dungeon, and saw 7 of its levels.

You collected 220 gold pieces.

Inventory:

Hand Weapons
 a - a +0 long sword
 e - a +2 vampiric dagger (weapon)
Missiles
 b - 22 stones
 d - 3 throwing nets
 k - 3 boomerangs
 q - a javelin
 s - 2 poisoned darts (quivered)
Armour
 c - a +0 tower shield (worn)
 f - the +5 scale mail of the Loofah (worn) {Will+}
   (You acquired it on level 1 of the Dungeon)

   Will:      It increases your willpower.
 i - a +0 helmet (worn)
Jewellery
 r - a ring of magical power (left hand)
 v - a +6 ring of dexterity (right hand)
 B - an amulet of guardian spirit (around neck)
Wands
 y - a wand of paralysis (8)
Scrolls
 g - a scroll of fog {unknown}
 l - 2 scrolls of identify {unknown}
 m - a scroll of summoning {unknown}
 n - 2 scrolls of magic mapping {unknown}
 p - a scroll of blinking {unknown}
 t - 2 scrolls of teleportation {unknown}
 x - a scroll of amnesia {unknown}
 z - a scroll of torment {unknown}
 D - a scroll of poison {unknown}
Potions
 h - a potion of resistance {unknown}
 j - 2 potions of curing
 o - 3 potions of flight
 u - a potion of invisibility
 w - a potion of heal wounds
 A - a potion of lignification {unknown}
 C - a potion of attraction {unknown}


   Skills:
 + Level 2.7 Fighting
 + Level 3.6(4.6) Short Blades
 + Level 4.0(4.6) Long Blades
 + Level 2.2 Throwing
 + Level 2.8 Armour
 + Level 4.8 Dodging
 + Level 3.7 Stealth
 + Level 3.8 Shields
 * Level 2.8 Invocations
 * Level 2.7 Evocations


You had 7 spell levels left.
You didn't know any spells.
Your spell library contained the following spells:

 Spells                   Type           Power      Damage    Failure   Level
 Frozen Ramparts          Ice            0%         1d1       100%        3
 Ignite Poison            Fire/Tmut/Pois 0%         N/A       100%        3
 Ice Form                 Ice/Tmut       0%         N/A       100%        4
 Sticky Flame             Conj/Fire      0%         2d3       100%        4
 Summon Ice Beast         Ice/Summ       0%         N/A       100%        4
 Summon Forest            Summ/Tloc      0%         N/A       100%        5
 Eringya's Noxious Bog    Tmut/Pois      0%         N/A       100%        6
 Summon Hydra             Summ           0%         N/A       100%        7
 Ignition                 Fire           0%         3d3       100%        8


Dungeon Overview and Level Annotations

Branches:
Dungeon (6/15)             Temple (1/1) D:4

Altars:
Dithmenos
Fedhas
Gozag
Hepliaklqana
Makhleb
Okawaru
Qazlal
Wu Jian
Xom


Innate Abilities, Weirdness & Mutations

You do not regenerate when monsters are visible.
You are frail without blood (-20% HP).
You can heal yourself when you bite living creatures.
You are immune to poison.
You have razor-sharp teeth.
You have supernaturally acute eyesight. (SInv)
You are afflicted with vampirism and can become a bat while bloodless.


Message History

The orc priest is heavily wounded.
The centaur closely misses you. You block the centaur's attack.
The orc priest barely misses you. You block the centaur's attack.
The centaur kicks you but does no damage.
You hit the orc priest but do no damage.
The orc priest is heavily wounded.
The centaur misses you. You block the centaur's attack.
The orc priest hits you with a +0 rapier.
You hit the orc priest.
The orc priest is severely wounded.
The centaur closely misses you. You block the centaur's attack.
You block the orc priest's attack. The centaur barely misses you. x2
You hit the orc priest.
The orc priest is severely wounded.
The centaur hits you. You block the centaur's attack.
You block the orc priest's attack.
The centaur hits you but does no damage.
The centaur kicks you but does no damage.
You hit the orc priest but do no damage.
The orc priest is severely wounded.
The orc priest mumbles some strange prayers to Beogh against you.
Beogh smites you!
* * * LOW HITPOINT WARNING * * *
You block the centaur's attack.
The centaur kicks you but does no damage.
The orc priest hits you with a +0 rapier.
* * * LOW HITPOINT WARNING * * *
The orc priest attacks as you move away!
The orc priest barely misses you.
The centaur wields a +0 shortbow.
The centaur shoots an arrow.
The arrow hits you!
* * * LOW HITPOINT WARNING * * *
The centaur shoots an arrow.
You block the arrow.
You hit the orc priest but do no damage.
The orc priest is severely wounded.
The orc priest hits you but does no damage.
You hit the orc priest but do no damage.
The orc priest is severely wounded.
The orc priest calls down the wrath of Beogh upon you.
Beogh smites you!
You die...

##### ####'#### #...#
#....# ### ### #...#
#....# ##### #.# #..
#...# #...##
#...###.###.#
#...###...#
#.#..[......#
#........##
#.#.....#####
#...)....# ####.##.)..#
#........###..........#
#.......co@...........#
#..?..((.##......)...##
#...†....##..........#
##.(#######.###'#....#
#.. #.....#....# #...
#######....# .....
#....# .o..#. ######
.#.###.


You could see a centaur and an orc priest.

Vanquished Creatures
  Sigmund (D:4)
  Duvessa (D:6)
  2 black bears (D:4)
  An ogre (D:5)
  2 scorpions
  Dowan (D:6)
  A howler monkey (D:6)
  4 hounds
  An orc priest (D:6)
  A jelly (D:5)
  6 iguanas
  2 orc wizards (D:6)
  4 gnolls (D:5)
  9 adders
  An ufetubus (D:4)
  3 worms
  8 orcs
  4 bats
  9 endoplasms
  A giant cockroach (D:1)
  12 goblins
  7 hobgoblins
  11 jackals
  3 kobolds
  3 quokkas (D:4)
  6 ball pythons
  3 frilled lizards
  4 rats
111 creatures vanquished.

Notes
Turn   | Place    | Note
-------+----------+-------------------------------------------
     0 | D:1      | Kazon the Vampire Gladiator began the quest for the Orb.
     0 | D:1      | Reached XP level 1. HP: 16/16 MP: 1/1
    42 | D:1      | Identified a scroll of acquirement
    42 | D:1      | Acquired the +5 scale mail of the Loofah {Will+}
    87 | D:1      | Reached XP level 2. HP: 22/22 MP: 2/2
   420 | D:1      | Gained mutation: You are afflicted with vampirism and can
                  | become a bat while bloodless. [Vampire growth]
   420 | D:1      | Reached XP level 3. HP: 27/27 MP: 3/3
   843 | D:2      | Reached skill level 1 in Armour
  1047 | D:2      | Reached XP level 4. HP: 16/33 MP: 4/4
  1624 | D:3      | Found a blossoming altar of Fedhas.
  1632 | D:3      | Reached skill level 1 in Shields
  1814 | D:3      | Found a stormy altar of Qazlal.
  1891 | D:3      | Identified the +2 sling "Qeuhanocyt" {speed, rElec Str-3
                  | Dex+2}
  1910 | D:3      | Found a faded altar of an unknown god.
  2104 | D:4      | Found a staircase to the Ecumenical Temple.
  2112 | Temple   | Entered the Ecumenical Temple
  2129 | Temple   | Became a worshipper of Makhleb the Destroyer
  2266 | D:4      | Noticed a scorpion
  2277 | D:4      | Killed a scorpion
  2278 | D:4      | Reached skill level 1 in Stealth
  2278 | D:4      | Reached XP level 5. HP: 30/30 MP: 5/5
  2427 | D:4      | Noticed a black bear
  2446 | D:4      | Killed a black bear
  2447 | D:4      | Reached skill level 1 in Short Blades
  2447 | D:4      | Reached skill level 1 in Invocations
  2447 | D:4      | Reached XP level 6. HP: 31/35 MP: 6/6
  2459 | D:4      | Found a hazy altar of Hepliaklqana.
  2466 | D:4      | Found a shadowy altar of Dithmenos.
  2466 | D:4      | Noticed a shadow
  2489 | D:4      | Noticed Sigmund
  2505 | D:4      | Killed Sigmund
  2800 | D:4      | Reached skill level 1 in Evocations
  2894 | D:4      | Reached XP level 7. HP: 8/40 MP: 8/8
  3003 | D:5      | Entered Level 5 of the Dungeon
  3145 | D:5      | Reached * piety under Makhleb
  3564 | D:6      | Found a shimmering altar of Xom.
  3603 | D:6      | Reached XP level 8. HP: 41/45 MP: 9/9
  3731 | D:6      | Noticed Dowan
  3734 | D:6      | Noticed Duvessa
  3796 | D:6      | HP: 1/45 [Duvessa/+0 short sword (2)]
  3805 | D:6      | Killed Dowan
  3826 | D:6      | Killed Duvessa
  3894 | D:6      | HP: 2/45 [centaur/arrow (5)]
  3896 | D:6      | Killed from afar by an orc priest

Illustrated notes

Levels and vault maps discovered:
D:1:      ebering_trefoil_3fold, layout_basic, st_stairs_14, serial_bayou_ford_a
D:2:      layout_basic, hangedman_decor_growths, minmay_close_crescents
D:3:      layout_rooms, mainiacjoe_overflow_concentric_impassable,
          mainiacjoe_overflow_paths, shapermc_ecumenical_altar_acropolis,
          chequers_serial_rivers_micro_b
D:4:      layout_basic, riverfiend_overflow_shadow_ancestor,
          minmay_temple_entry_glass, uniq_sigmund
D:5:      layout_gridville
D:6:      layout_basic, xom_teletrap_fun, uniq_duvessa
Temple:   nicolae_temple_elliptical

Skill      XL: |  1  2  3  4  5  6  7 |
---------------+----------------------+-----
Armour         | 1 2 |  2.8
Dodging        | 4 |  4.8
Fighting       | 2 |  2.7
Shields        | 1 2 3 |  3.8
Long Blades    | 4 |  4.0
Stealth        | 1 2 3 |  3.7
Short Blades   | 1 2 3 |  3.6
Invocations    | 1 2 |  2.8
Evocations     | 1 2 |  2.7
Throwing       | 2 |  2.2

Action                     |  1- 3 |  4- 6 |  7- 9 || total
---------------------------+-------+-------+-------++-------
  Melee: Long sword        |   109 |    63 |       ||   172
         Bite              |    10 |    36 |    28 ||    74
         Punch             |     1 |       |       ||     1
         Dagger            |       |   122 |   243 ||   365
  Throw: Stone             |       |     1 |    15 ||    16
         Dart              |       |       |    16 ||    16
Ability: Exsanguinate      |       |     1 |       ||     1
    Use: Scroll            |     2 |       |       ||     2
         Potion            |     1 |       |     4 ||     5
   Stab: Sleeping          |       |     9 |     4 ||    13
         Invisible         |       |       |     2 ||     2
 Armour: Leather armour    |     3 |       |       ||     3
         Scale mail        |    58 |    90 |    82 ||   230
  Dodge: Dodged            |    36 |    42 |    73 ||   151
  Block: Tower shield      |    60 |   168 |   210 ||   438
